amy, neutral female human Ranger --------- |.......| ------------- ------- |........# |...........| ----- |.g@..| |.<.....|# |...........| ....--- |.---.| |.......|# |...........-# |.............##r####-d| |.| -----...|# -+-.--|------# |............|# |.---.| -----# # ## # |......... ..| |.%...| # ### # |......... --- ---.--- # ### # -------|- ### # # # # # # ### ### # ## # # -+----|---------# ### ### |..............|### # # |..............|####### ####### ###|..............| ###-|--|----- #..............(| .>........##?######## ---------------- |.....{..| ---------- amy the Reconnoiteress Experience level: 10 Strength: 18 Dexterity: 15 Constitution: 17 Intelligence: 13 Wisdom: 14 Charisma: 8 Health: 0(76) Energy: 56(56) Def: 14 Gold: 3569 Moves: 16630 Dungeon seed: Tia5jzrEnLw6UiVO Game ID: amy_1466483611 Your Inventory: Coins $ - 3569 gold pieces Amulets Q - an uncursed amulet of ESP named ok (being worn) Weapons a - an uncursed +1 dagger c - 4 blessed +1 arrows f - 48 uncursed +2 arrows j - 29 blessed +0 arrows k - an uncursed +0 arrow q - 8 blessed +1 arrows s - 3 cursed -3 elven arrows F - a blessed +2 arrow L - 114 uncursed +1 arrows (in quiver) U - an uncursed +3 bow (weapon in hand) Armor e - an uncursed +3 cloak of displacement (being worn) i - an uncursed +0 dwarvish iron helm (being worn) r - a blessed +3 elven mithril-coat (being worn) Y - an uncursed +0 pair of elven boots (being worn) Comestibles h - an uncursed lizard corpse t - 2 uncursed oranges u - an uncursed banana v - 4 uncursed lumps of royal jelly z - 8 uncursed food rations B - an uncursed sprig of wolfsbane H - 2 uncursed candy bars J - an uncursed carrot R - 2 uncursed pancakes V - an uncursed melon W - 2 uncursed fortune cookies Scrolls x - a blessed scroll of enchant weapon Potions D - an uncursed potion of full healing named ok Rings w - an uncursed ring of sustain ability y - a cursed -1 ring of protection (on right hand) S - an uncursed ring of teleport control (on left hand) Z - an uncursed ring of warning Wands g - an uncursed wand of slow monster (0:3) l - an uncursed wand of light (0:12) m - an uncursed wand of speed monster (0:5) o - an uncursed wand of undead turning (0:6) p - an uncursed wand of speed monster (0:3) A - an uncursed wand of fire (0:6) C - an uncursed wand of digging (0:4) G - an uncursed wand of striking (0:4) I - an uncursed wand of teleportation (0:5) K - a cursed wand of teleportation (0:7) M - an uncursed wand of striking (0:2) T - an uncursed wand of speed monster (0:5) Tools b - an uncursed bag of holding named ok n - an uncursed +0 unicorn horn E - an uncursed skeleton key O - an uncursed towel X - an uncursed magic whistle Gems d - an uncursed luckstone N - an uncursed amethyst stone Contents of the bag of holding named ok: 9 uncursed +0 silver arrows an uncursed carrot a blessed scroll of blank paper 3 uncursed scrolls of blank paper a cursed scroll of blank paper a cursed scroll of charging a cursed scroll of confuse monster an uncursed scroll of create monster 2 uncursed scrolls of destroy armor 2 uncursed scrolls of earth 3 uncursed scrolls of enchant armor an uncursed scroll of light an uncursed scroll of remove curse an uncursed scroll of taming 3 uncursed scrolls of teleportation a cursed scroll of teleportation an uncursed potion of acid an uncursed potion of booze an uncursed potion of enlightenment an uncursed potion of extra healing an uncursed potion of full healing an uncursed potion of gain level a blessed potion of hallucination an uncursed potion of paralysis an uncursed potion of sleeping an uncursed potion of water an uncursed ring of fire resistance a blessed +0 ring of gain strength a cursed ring of warning a cursed can of grease (0:19) an uncursed magic marker (0:58) 5 uncursed tallow candles (0:200) an uncursed amethyst stone Spells and supernatural/magical abilities: Name Level Category Fail Memory W - pray for help -- divine ? -- Your skills at the end: Miscellaneous Skills wands [Basic] Weapon Skills dagger [Basic] bow [Expert] Spellcasting Skills Final Attributes: You were fervently aligned. You were poison resistant. You were telepathic. You had automatic searching. You were displaced. You were stealthy. You had teleport control. You were ineffectively protected. You were fast. You were lucky. You had extra luck. Bad luck did not time out for you. Good luck did not time out for you. You are dead. Vanquished creatures: 2 vampire lords a queen bee 3 giant mimics 2 large mimics 2 long worms a black naga a giant zombie 4 small mimics 2 ettin mummies an ogre lord a quantum mechanic a pyrolisk a shocking sphere a large cat 3 tigers 2 gargoyles a dwarf king a tengu 4 chameleons a crocodile 2 leocrottas a human mummy a red naga a wraith 3 Grey-elves 2 succubi a giant beetle a cockatrice a wolf a lynx a leprechaun a quivering blob 2 lizards 3 giant spiders a scorpion an iron piercer a horse 2 ice vortices 3 black lights 2 vampire bats 3 forest centaurs 6 gnome kings 2 orc mummies a dwarf mummy 2 ogres a brown pudding 2 owlbears a yeti 2 werewolves 2 Green-elves 8 hunters a dingo 2 dwarf lords 2 blue jellies a white unicorn 2 dust vortices 5 plains centaurs a gnome mummy 3 human zombies 3 Woodland-elves a soldier ant a fire ant 12 bugbears 3 imps a wood nymph 18 Uruk-hai an orc shaman a rock piercer a pony 4 yellow lights a shrieker 5 violet fungi 16 gnome lords 3 gnomish wizards 4 kobold mummies a black naga hatchling a guardian naga hatchling 4 gray oozes a barrow wight 9 elf zombies 2 ghouls 2 straw golems 2 paper golems 5 giant ants a little dog 6 floating eyes 2 kittens 22 dwarves 3 homunculi a kobold lord a kobold shaman 2 iguanas 12 hill orcs 4 rothes a rabid rat 2 centipedes 5 giant bats a monkey 2 orc zombies 2 werejackals 11 killer bees 3 coyotes 2 gas spores 7 hobbits an acid blob 3 large kobolds 8 geckos 12 hobgoblins 9 giant rats 3 brown molds 4 yellow molds a green mold 3 red molds 62 gnomes 10 garter snakes 6 manes a gnome zombie 5 jackals 2 foxes 4 kobolds 15 newts 5 goblins 5 sewer rats 10 grid bugs 3 bats 3 lichens 6 kobold zombies 486 creatures vanquished. Genocided species: liches demiliches master liches arch-liches 4 species genocided. Voluntary challenges: You had followed a strict vegan diet until turn 2420. You had followed a strict vegetarian diet until turn 2420. You had been an atheist until turn 2598. You used a wielded weapon 100 times, starting on turn 358. You did not apply a unicorn horn. You read items or engraved 19 times, starting on turn 640. You genocided 4 types of monsters, starting on turn 7439. You never polymorphed an object. You never changed form. You cheated 3 times but completed Sokoban on turn 13130. You used no wishes. You never split a pudding. You wrote Elbereth's name 2 times, starting on turn 640. You violated your moral code, losing 5 points of alignment, starting on turn 13151. Dungeon overview: The Dungeons of Doom: levels 1 to 15 Level 1 a fountain a long staircase Level 2 a hardware shop, a fountain Level 3 Level 4 a fountain stairs to The Gnomish Mines Level 5 a fountain Level 6 many fountains Level 7 stairs to Sokoban Level 8 a sink Level 9 a fountain Level 10 a fountain, a sink Level 11 Level 12 Level 13 portal to The Quest Level 14 a temple to Mars Level 15 <- You were here a fountain The Gnomish Mines: levels 5 to 13 Level 5 stairs to The Dungeons of Doom Level 6 Level 7 Level 8 many shops, a temple to Venus, a magic chest, some fountains Level 9 Level 10 Level 11 Level 12 Level 13 a magic chest, some fountains The Quest: Level 1 many trees portal to The Dungeons of Doom Sokoban: levels 3 to 6 Level 3 a magic chest Level 4 Level 5 Level 6 a magic chest stairs to The Dungeons of Doom History has recorded: On T:1 you entered the Dungeons of Doom to retrieve the Amulet of Yendor! On T:268 you reached level 2 of The Dungeons of Doom. On T:485 you advanced to experience level 2. On T:649 you advanced to experience level 3. On T:697 you advanced to experience level 4. On T:847 you reached level 3 of The Dungeons of Doom. On T:1370 you reached level 4 of The Dungeons of Doom. On T:1594 you reached level 1 of The Gnomish Mines. On T:1644 you advanced to experience level 5. On T:1815 you reached level 2 of The Gnomish Mines. On T:1874 you advanced to experience level 6. On T:1988 you reached level 3 of The Gnomish Mines. On T:2115 you advanced to experience level 7. On T:2224 you reached level 4 of The Gnomish Mines. On T:2594 you entered the Minetown temple On T:2612 you opened a magic chest. On T:2641 you opened a magic chest. On T:2756 you opened a magic chest. On T:3371 you reached level 5 of The Gnomish Mines. On T:3390 you advanced to experience level 8. On T:3858 you reached level 6 of The Gnomish Mines. On T:4170 you reached level 7 of The Gnomish Mines. On T:4436 you reached level 9 of The Gnomish Mines. On T:4436 you reached the bottom of the Mines. On T:5251 you opened a magic chest. On T:5365 you advanced to experience level 9. On T:5645 you reached level 8 of The Gnomish Mines. On T:6177 you opened a magic chest. On T:6177 you opened a magic chest. On T:6179 you opened a magic chest. On T:6252 you opened a magic chest. On T:6635 you reached level 5 of The Dungeons of Doom. On T:6933 you reached level 6 of The Dungeons of Doom. On T:7922 you received advice from The Oracle. On T:7922 you advanced to experience level 10. On T:8105 you reached level 7 of The Dungeons of Doom. On T:8291 you reached level 4 of Sokoban. On T:8356 you opened a magic chest. On T:8467 you opened a magic chest. On T:8720 you reached level 3 of Sokoban. On T:9570 you reached level 2 of Sokoban. On T:10568 you reached level 1 of Sokoban. On T:13130 you entered the Sokoban zoo. On T:13226 you opened a magic chest. On T:13322 you opened a magic chest. On T:13739 you reached level 8 of The Dungeons of Doom. On T:13764 you reached level 10 of The Dungeons of Doom. On T:13940 you reached level 9 of The Dungeons of Doom. On T:14740 you reached level 11 of The Dungeons of Doom. On T:15063 you reached level 12 of The Dungeons of Doom. On T:15456 you reached level 13 of The Dungeons of Doom. On T:15539 you reached level 1 of The Quest. On T:15830 you reached level 14 of The Dungeons of Doom. On T:16342 you reached level 15 of The Dungeons of Doom. Score breakdown: Gold: 3569 ( 356 points) Experience: 10 levels ( 900 points) Exploration: 15 levels ( 420 points) Discoveries: 44 items ( 2000 points) Variety of kills: 127 monsters ( 2000 points) Major goal: Sokoban/Mines ( 1500 points) Survival: died (score multiplied by 3) Total score: 21528 Latest messages: Please move the cursor to an unknown object. Done. You displace your coyote. (4x) You shoot 3 arrows. The 1st arrow hits the winged gargoyle. The 2nd arrow hits the winged gargoyle! The 3rd arrow hits the winged gargoyle! The winged gargoyle just misses! The winged gargoyle claws you! The winged gargoyle bites! The arrow hits the winged gargoyle! The winged gargoyle claws you! (2x) The winged gargoyle bites! The winged gargoyle claws you! (2x) The winged gargoyle bites! Never mind. You feel better. The winged gargoyle misses. The winged gargoyle claws you! You die... Final status: Goodbye amy the Ranger, killed by a winged gargoyle... You died in The Dungeons of Doom on dungeon level 15 with 21528 points, and 3569 pieces of gold, after 16630 moves. You were level 10 with a maximum of 76 hit points when you died.